Maple Leafs vs Devils

Created - 26 octobre 2017 at 18:03

Goals
1 2 3 OT1 SO T
Maple Leafs 0 1 1 0 0 2
Devils 0 2 0 0 2 3
Shots
1 2 3 OT1 SO T
Maple Leafs 6 16 12 3 2 37
Devils 14 14 9 2 2 39

1st period

No Goal

Penalties :
Hampus Lindholm (TOR) for Holding (Minor) at 15:38

2nd period

1. Devils , Nick Holden 1 (Conor Sheary 2, T.J. Oshie 1) at 3:35
2. Devils , T.J. Oshie 3 (Nazem Kadri 5) at 4:14
3. Maple Leafs , Travis Zajac 2 (Boyd Gordon 3) at 10:33

Penalties :
No Penalty

3rd period

4. Maple Leafs , Tom Kostopoulos 2 (Lars Eller 3, Nikolaj Ehlers 6) at 0:45

Penalties :
Tyler Johnson (NJD) for Holding (Minor) at 2:36, Steven Santini (TOR) for Holding (Minor) at 12:23

Overtime #1

No Goal

Penalties :
No Penalty

Shootout

Penalty Shot by Travis Zajac for Maple Leafs - Stopped by Scott Darling
Penalty Shot by T.J. Oshie for Devils - Goal!
Penalty Shot by Mike Hoffman for Maple Leafs - Stopped by Scott Darling
Penalty Shot by Brayden Point for Devils - Goal!

Penalties :
No Penalty

Goalie Stats

Marc-Andre Fleury (TOR), 37 saves from 39 shots - (0,949), OTL, 2-2-4, 65:00 minutes
Scott Darling (NJD), 35 saves from 37 shots - (0,946), W, 4-1-0, 65:00 minutes

Players Stats for Maple Leafs

Player Name              G  A  P  +/- PIM S  H  SB GA TA FO     MP     PP MP  PK MP  
------------------------------------------------------------------------------------
Bobby Ryan               0  0  0  -1  0   0  4  0  1  1  2/6    22:35   0:58   1:19 
Boyd Gordon              0  1  1   1  0   1  0  0  0  0  4/4     6:32   0:00   0:00 
Evgeny Svechnikov        0  0  0   1  0   1  0  0  0  0  0/0     6:11   0:00   0:00 
Fredrik Claesson         0  0  0   0  0   0  1  0  0  0  0/0    13:19   0:00   0:00 
Hampus Lindholm          0  0  0  -1  2   1  2  0  0  1  0/0    27:40   1:25   1:13 
Lars Eller               0  1  1   0  0   4  1  0  1  0  3/9    17:29   0:53   0:00 
Luke Schenn              0  0  0  -1  0   2  3  1  0  0  0/0    27:59   1:25   2:34 
Michael Mersch           0  0  0   0  0   0  1  0  0  0  0/0     3:00   0:08   0:00 
Mike Hoffman             0  0  0  -1  0   4  0  1  2  0  0/2    22:57   1:06   2:39 
Nicklas Jensen           0  0  0   0  0   5  1  0  2  0  1/1    13:08   0:00   0:00 
Nikolaj Ehlers           0  1  1   0  0   4  1  1  1  0  0/1    21:00   0:53   1:02 
Sergey Kalinin           0  0  0   0  0   0  2  1  0  0  3/8    14:02   0:00   0:00 
Stephen Gionta           0  0  0   0  0   2  0  1  0  0  0/0    13:58   0:00   0:17 
Steven Santini           0  0  0   1  2   0  0  1  0  2  0/0    19:38   0:34   0:38 
Toby Enstrom             0  0  0   1  0   0  0  0  0  0  0/0    21:28   0:34   1:24 
Tom Kostopoulos          1  0  1   0  0   3  2  0  0  0  0/0    17:37   0:53   0:00 
Travis Zajac             1  0  1   0  0   9  1  0  0  0  20/34  26:40   1:06   2:39 
Will O'Neill             0  0  0   0  0   1  1  0  0  0  0/0    15:47   0:00   2:07 

Players Stats for Devils

Player Name              G  A  P  +/- PIM S  H  SB GA TA FO     MP     PP MP  PK MP  
------------------------------------------------------------------------------------
Andrew Cogliano          0  0  0   0  0   2  3  1  0  0  1/1    14:56   0:00   0:19 
Ben Lovejoy              0  0  0   1  0   0  2  2  0  0  0/0    22:53   1:27   0:47 
Brayden Point            0  0  0   0  0   2  0  0  0  0  2/2    18:48   1:53   0:26 
Conor Sheary             0  1  1   0  0   3  2  0  0  0  0/1    19:51   2:05   0:36 
Dmitry Kulikov           0  0  0  -1  0   0  2  2  0  0  0/0    16:59   0:00   0:00 
Dominic Moore            0  0  0   0  0   1  2  0  0  0  0/2     7:08   0:00   0:00 
Jannik Hansen            0  0  0   0  0   0  0  0  0  0  0/0     7:08   0:00   0:00 
Jeff Skinner             0  0  0   0  0   3  1  1  1  1  0/0    19:45   1:53   0:00 
Jon Merrill              0  0  0  -1  0   1  0  2  0  0  0/0    16:51   0:00   0:00 
Linden Vey               0  0  0   0  0   1  0  0  0  0  0/0     7:08   0:00   0:00 
Matt Hunwick             0  0  0   1  0   0  2  0  0  2  0/0    20:54   2:31   0:47 
Nazem Kadri              0  1  1   0  0   3  3  1  1  2  10/24  22:07   2:05   0:58 
Nick Holden              1  0  1   0  0   3  2  2  0  1  0/0    23:34   2:31   1:12 
Shea Weber               0  0  0   0  0   3  1  2  0  0  0/0    23:49   1:27   1:12 
T.J. Oshie               1  1  2   0  0   8  1  1  1  0  2/4    22:17   2:05   0:58 
Tanner Pearson           0  0  0   0  0   3  2  0  1  0  0/0    14:42   0:00   0:00 
Tomas Hertl              0  0  0   0  0   4  2  0  0  0  6/10   14:24   0:00   0:41 
Tyler Johnson            0  0  0   0  2   2  2  1  0  1  11/21  19:46   1:53   0:00 

3 Stars

1 - Marc-Andre Fleury (TOR)
2 - Scott Darling (NJD)
3 - T.J. Oshie (NJD)

Power Play

Maple Leafs - 0 on 1 Attempt(s) - 0,00%
Devils - 0 on 2 Attempt(s) - 0,00%

Penalty Kill

Maple Leafs - 2 on 2 Attempt(s) - 100,00% - Score 0 goal in Penalty Kill
Devils - 1 on 1 Attempt(s) - 100,00% - Score 0 goal in Penalty Kill

Team Stat

Maple Leafs - Hits : 20 - Faceoff Wins : 33 - Blocked Shots : 6 - Penalty Minutes : 4
Devils - Hits : 27 - Faceoff Wins : 32 - Blocked Shots : 15 - Penalty Minutes : 2

Official

Referees : Rob Martell and Justin StPierre
Linesman : Jonny Murray and Steve Miller

Game Notes

No Game Note

Finance

Level 1 -- Attendance: 5360 (89,33%) -- Ticket Income 536 000 $
Level 2 -- Attendance: 5000 (100,00%) -- Ticket Income 300 000 $
Level 3 -- Attendance: 1929 (96,45%) -- Ticket Income 67 515 $
Level 4 -- Attendance: 4000 (100,00%) -- Ticket Income 80 000 $
Luxury Box -- Attendance: 805 (80,50%) -- Ticket Income 161 000 $
Game was played at the Hellgates Center.
Total Attendance: 17094 (94,97%)
Total Ticket Income: 1 144 515 $
Other Income: 560 812 $
Total Income: 1 705 327 $

Maple Leafs

5 vs 5 Forward 
   Center                   Left Wing                Right Wing               Time % Phy DF OF 
 1 Travis Zajac             Bobby Ryan               Mike Hoffman             40     1   2  2  
 2 Lars Eller               Tom Kostopoulos          Nikolaj Ehlers           30     1   2  2  
 3 Sergey Kalinin           Stephen Gionta           Nicklas Jensen           20     1   2  2  
 4 Boyd Gordon              Evgeny Svechnikov        Travis Zajac             10     1   2  2  

5 vs 5 Defense 
   Defense                  Defense                                           Time % Phy DF OF 
 1 Hampus Lindholm          Luke Schenn                                       40     1   2  2  
 2 Toby Enstrom             Steven Santini                                    30     1   2  2  
 3 Fredrik Claesson         Will O'Neill                                      20     1   2  2  
 4 Hampus Lindholm          Luke Schenn                                       10     1   2  2  

PowerPlay Forward 
   Center                   Left Wing                Right Wing               Time % Phy DF OF 
 1 Travis Zajac             Bobby Ryan               Mike Hoffman             60     1   2  2  
 2 Lars Eller               Tom Kostopoulos          Nikolaj Ehlers           40     1   2  2  

PowerPlay Defense
   Defense                  Defense                                           Time % Phy DF OF 
 1 Hampus Lindholm          Luke Schenn                                       60     1   2  2  
 2 Toby Enstrom             Steven Santini                                    40     1   2  2  

Penalty Kill 4 Players Forward 
   Center                   Wing                     Time % Phy DF OF 
 1 Travis Zajac             Mike Hoffman             60     1   2  2  
 2 Nikolaj Ehlers           Bobby Ryan               40     1   2  2  

Penalty Kill 4 Players Defense
   Defense                  Defense                  Time % Phy DF OF 
 1 Hampus Lindholm          Luke Schenn              60     1   2  2  
 2 Toby Enstrom             Steven Santini           40     1   2  2  

Penalty Kill - 3 Players Forward 
   Forward                                           Time % Phy DF OF 
 1 Travis Zajac                                      60     1   2  2  
 2 Mike Hoffman                                      40     1   2  2  

Penalty Kill - 3 Players Defense
   Defense                  Defense                  Time % Phy DF OF 
 1 Hampus Lindholm          Luke Schenn              60     1   2  2  
 2 Toby Enstrom             Steven Santini           40     1   2  2  

4 vs 4 Forward 
   Center                   Wing                     Time % Phy DF OF 
 1 Travis Zajac             Mike Hoffman             60     1   2  2  
 2 Nikolaj Ehlers           Bobby Ryan               40     1   2  2  

4 vs 4 Defense
   Defense                  Defense                  Time % Phy DF OF 
 1 Hampus Lindholm          Luke Schenn              60     1   2  2  
 2 Toby Enstrom             Steven Santini           40     1   2  2  

Last Minutes Offensive
   Center                   Left Wing                Right Wing               Defense                  Defense                  
   Travis Zajac             Bobby Ryan               Mike Hoffman             Hampus Lindholm          Luke Schenn              

Last Minutes Defensive
   Center                   Left Wing                Right Wing               Defense                  Defense                  
   Travis Zajac             Bobby Ryan               Mike Hoffman             Hampus Lindholm          Luke Schenn              

Goaltenders
Starting : Marc-Andre Fleury        
Backup : Petr Mrazek              

Extra Forwards
Normal : Michael Mersch, Sergey Kalinin, Stephen Gionta - PP : Michael Mersch, Sergey Kalinin - PK : Stephen Gionta
Extra Defensemen
Normal : Fredrik Claesson, Will O'Neill, Toby Enstrom - PP : Fredrik Claesson - PK : Will O'Neill, Toby Enstrom
Penalty Shots
Travis Zajac, Mike Hoffman, Nikolaj Ehlers, Bobby Ryan, Lars Eller
Custom OT Lines Forwards
Travis Zajac, Mike Hoffman, Nikolaj Ehlers, Bobby Ryan, Lars Eller, Tom Kostopoulos, Sergey Kalinin, Stephen Gionta, Nicklas Jensen, Evgeny Svechnikov
Custom OT Lines Defensemen
Hampus Lindholm, Luke Schenn, Toby Enstrom, Steven Santini, Fredrik Claesson

Scratches
*salaire Leafs* (Suspend), Anze Kopitar (Healthy), Logan Couture (Healthy), Jeff Petry (Right Leg Injury)

Devils

5 vs 5 Forward 
   Center                   Left Wing                Right Wing               Time % Phy DF OF 
 1 Nazem Kadri              T.J. Oshie               Conor Sheary             37     1   2  2  
 2 Tyler Johnson            Jeff Skinner             Brayden Point            34     1   2  2  
 3 Tomas Hertl              Andrew Cogliano          Tanner Pearson           25     1   2  2  
 4 Dominic Moore            Jannik Hansen            Linden Vey               4      1   2  2  

5 vs 5 Defense 
   Defense                  Defense                                           Time % Phy DF OF 
 1 Shea Weber               Nick Holden                                       33     1   2  2  
 2 Ben Lovejoy              Matt Hunwick                                      33     1   2  2  
 3 Jon Merrill              Dmitry Kulikov                                    29     1   2  2  
 4 Shea Weber               Ben Lovejoy                                       5      1   2  2  

PowerPlay Forward 
   Center                   Left Wing                Right Wing               Time % Phy DF OF 
 1 Nazem Kadri              T.J. Oshie               Conor Sheary             50     0   0  5  
 2 Tyler Johnson            Jeff Skinner             Brayden Point            50     0   0  5  

PowerPlay Defense
   Defense                  Defense                                           Time % Phy DF OF 
 1 Shea Weber               Ben Lovejoy                                       50     0   0  5  
 2 Nick Holden              Matt Hunwick                                      50     0   0  5  

Penalty Kill 4 Players Forward 
   Center                   Wing                     Time % Phy DF OF 
 1 T.J. Oshie               Nazem Kadri              60     1   4  0  
 2 Tyler Johnson            Brayden Point            40     1   4  0  

Penalty Kill 4 Players Defense
   Defense                  Defense                  Time % Phy DF OF 
 1 Shea Weber               Nick Holden              50     1   4  0  
 2 Ben Lovejoy              Matt Hunwick             50     1   4  0  

Penalty Kill - 3 Players Forward 
   Forward                                           Time % Phy DF OF 
 1 Andrew Cogliano                                   60     1   4  0  
 2 Tyler Johnson                                     40     1   4  0  

Penalty Kill - 3 Players Defense
   Defense                  Defense                  Time % Phy DF OF 
 1 Shea Weber               Nick Holden              39     1   4  0  
 2 Ben Lovejoy              Matt Hunwick             61     1   4  0  

4 vs 4 Forward 
   Center                   Wing                     Time % Phy DF OF 
 1 T.J. Oshie               Nazem Kadri              50     1   2  2  
 2 Tyler Johnson            Jeff Skinner             50     1   2  2  

4 vs 4 Defense
   Defense                  Defense                  Time % Phy DF OF 
 1 Shea Weber               Nick Holden              50     1   2  2  
 2 Ben Lovejoy              Matt Hunwick             50     1   2  2  

Last Minutes Offensive
   Center                   Left Wing                Right Wing               Defense                  Defense                  
   Nazem Kadri              T.J. Oshie               Tyler Johnson            Shea Weber               Nick Holden              

Last Minutes Defensive
   Center                   Left Wing                Right Wing               Defense                  Defense                  
   Nazem Kadri              T.J. Oshie               Tyler Johnson            Shea Weber               Nick Holden              

Goaltenders
Starting : Scott Darling            
Backup : Steve Mason              

Extra Forwards
Normal : Tomas Hertl, Brayden Point, Conor Sheary - PP : Tomas Hertl, Brayden Point - PK : Conor Sheary
Extra Defensemen
Normal : Nick Holden, Shea Weber, Ben Lovejoy - PP : Shea Weber - PK : Shea Weber, Ben Lovejoy
Penalty Shots
T.J. Oshie, Brayden Point, Jeff Skinner, Nazem Kadri, Tanner Pearson
Custom OT Lines Forwards
T.J. Oshie, Nazem Kadri, Tyler Johnson, Tanner Pearson, Jeff Skinner, Andrew Cogliano, Tomas Hertl, Brayden Point, Conor Sheary, Dominic Moore
Custom OT Lines Defensemen
Shea Weber, Nick Holden, Ben Lovejoy, Matt Hunwick, Dmitry Kulikov

Scratches
Alexey Marchenko (Healthy), Ryan Haggerty (Healthy), Petr Straka (Healthy), Michal Neuvirth (Healthy)

% Time on Ice - Maple Leafs

Lines # - Real PCT - Wanted PCT - Time Play
Normal Forward
1 - 33% - 40% - 17:40
2 - 32% - 30% - 17:04
3 - 24% - 20% - 13:08
4 - 11% - 10% - 6:11
Normal Defense
1 - 37% - 40% - 19:49
2 - 35% - 30% - 18:48
3 - 25% - 20% - 13:19
4 - 4% - 10% - 2:07
PP Forward
1 - 55% - 60% - 1:06
2 - 45% - 40% - 0:53
PP Defense
1 - 71% - 60% - 1:25
2 - 29% - 40% - 0:34
PK Forward
1 - 74% - 60% - 2:56
2 - 26% - 40% - 1:02
PK Defense
1 - 65% - 60% - 2:34
2 - 35% - 40% - 1:24
PK3 Forward
1 - 0% - 60%
2 - 0% - 40%
PK3 Defense
1 - 0% - 60%
2 - 0% - 40%
44 Forward
1 - 0% - 60%
2 - 0% - 40%
44 Defense
1 - 0% - 60%
2 - 0% - 40%
Last Minute Offensive  - 0:00
Last Minute Defensive  - 0:00
Total
Forward - 60:00
Defense - 60:00

% Time on Ice - Devils

Lines # - Real PCT - Wanted PCT - Time Play
Normal Forward
1 - 32% - 37% - 17:19
2 - 30% - 34% - 16:20
3 - 25% - 25% - 13:16
4 - 13% - 4% - 7:08
Normal Defense
1 - 33% - 33% - 17:38
2 - 33% - 33% - 17:36
3 - 31% - 29% - 16:51
4 - 4% - 5% - 1:58
PP Forward
1 - 53% - 50% - 2:05
2 - 47% - 50% - 1:53
PP Defense
1 - 37% - 50% - 1:27
2 - 63% - 50% - 2:31
PK Forward
1 - 78% - 60% - 1:33
2 - 22% - 40% - 0:26
PK Defense
1 - 61% - 50% - 1:12
2 - 39% - 50% - 0:47
PK3 Forward
1 - 0% - 60%
2 - 0% - 40%
PK3 Defense
1 - 0% - 39%
2 - 0% - 61%
44 Forward
1 - 0% - 50%
2 - 0% - 50%
44 Defense
1 - 0% - 50%
2 - 0% - 50%
Last Minute Offensive  - 0:00
Last Minute Defensive  - 0:00
Total
Forward - 60:00
Defense - 60:00

Play by Play

1st period


0:01 of 1st period - Travis Zajac wins face-off versus Nazem Kadri in neutral zone.
0:03 of 1st period - Off-side.
0:04 of 1st period - Nazem Kadri wins face-off versus Travis Zajac in neutral zone.
0:07 of 1st period - Mike Hoffman is hit by Shea Weber and loses puck.
0:33 of 1st period - Slapshot by Nikolaj Ehlers.
0:33 of 1st period - Stopped by Scott Darling without a rebound.
0:34 of 1st period - Lars Eller wins face-off versus Tomas Hertl in Devils zone.
0:47 of 1st period - Slapshot by Nikolaj Ehlers.
0:47 of 1st period - Shot Misses the Net.
0:55 of 1st period - Nikolaj Ehlers is hit by Ben Lovejoy and loses puck.
1:07 of 1st period - Off-side.
1:08 of 1st period - Nicklas Jensen wins face-off versus Tyler Johnson in neutral zone.
1:29 of 1st period - Snap shot by Tyler Johnson.
1:29 of 1st period - Shot Misses the Net.
1:31 of 1st period - Slapshot by Tyler Johnson.
1:31 of 1st period - Shot Misses the Net.
2:01 of 1st period - Tom Kostopoulos is hit by Nazem Kadri and loses puck.
2:22 of 1st period - Slapshot by Andrew Cogliano.
2:22 of 1st period - Stopped by Marc-Andre Fleury with a rebound.
2:24 of 1st period - Snap shot by Andrew Cogliano.
2:24 of 1st period - Shot Misses the Net.
2:26 of 1st period - Wrist shot by Tanner Pearson.
2:26 of 1st period - Deflect By Tomas Hertl.
2:26 of 1st period - Stopped by Marc-Andre Fleury with a rebound.
2:36 of 1st period - Travis Zajac is hit by Dominic Moore and loses puck.
2:52 of 1st period - Icing by Steven Santini.
2:53 of 1st period - Boyd Gordon wins face-off versus Nazem Kadri in Maple Leafs zone.
3:23 of 1st period - Off-side.
3:24 of 1st period - Travis Zajac wins face-off versus Nazem Kadri in neutral zone.
3:27 of 1st period - Ben Lovejoy is hit by Bobby Ryan and loses puck.
3:38 of 1st period - Wrist shot by T.J. Oshie.
3:38 of 1st period - Stopped by Marc-Andre Fleury without a rebound.
3:39 of 1st period - Sergey Kalinin wins face-off versus Tomas Hertl in Maple Leafs zone.
3:46 of 1st period - Slapshot by Hampus Lindholm.
3:46 of 1st period - Shot Hit the Post.
4:09 of 1st period - Wrist shot by Travis Zajac.
4:09 of 1st period - Shot Blocked by Tyler Johnson.
4:11 of 1st period - Wrist shot by Bobby Ryan.
4:11 of 1st period - Shot Blocked by Ben Lovejoy.
4:13 of 1st period - Snap shot by Travis Zajac.
4:13 of 1st period - Stopped by Scott Darling without a rebound.
4:14 of 1st period - Nazem Kadri wins face-off versus Lars Eller in Devils zone.
4:19 of 1st period - Snap shot by Nikolaj Ehlers.
4:19 of 1st period - Stopped by Scott Darling without a rebound.
4:20 of 1st period - Nazem Kadri wins face-off versus Lars Eller in Devils zone.
4:35 of 1st period - T.J. Oshie is hit by Luke Schenn and loses puck.
4:55 of 1st period - Snap shot by Conor Sheary.
4:55 of 1st period - Stopped by Marc-Andre Fleury with a rebound.
4:57 of 1st period - Wrist shot by Nazem Kadri.
4:57 of 1st period - Stopped by Marc-Andre Fleury without a rebound.
4:58 of 1st period - Tyler Johnson wins face-off versus Travis Zajac in Maple Leafs zone.
5:35 of 1st period - Slapshot by Tanner Pearson.
5:35 of 1st period - Stopped by Marc-Andre Fleury with a rebound.
7:01 of 1st period - Icing by Nick Holden.
7:02 of 1st period - Tomas Hertl wins face-off versus Sergey Kalinin in Devils zone.
7:06 of 1st period - Icing by Tomas Hertl.
7:07 of 1st period - Tomas Hertl wins face-off versus Lars Eller in Devils zone.
7:07 of 1st period - Tomas Hertl is hit by Will O'Neill.
7:15 of 1st period - Fredrik Claesson is hit by Andrew Cogliano and loses puck.
7:20 of 1st period - Wrist shot by Tanner Pearson.
7:20 of 1st period - Shot Misses the Net.
7:22 of 1st period - Snap shot by Shea Weber.
7:22 of 1st period - Shot Misses the Net.
7:24 of 1st period - Wrist shot by Tomas Hertl.
7:24 of 1st period - Stopped by Marc-Andre Fleury with a rebound.
7:26 of 1st period - Snap shot by Tanner Pearson.
7:26 of 1st period - Shot Misses the Net.
7:28 of 1st period - Wrist shot by Tanner Pearson.
7:28 of 1st period - Deflect By Andrew Cogliano.
7:28 of 1st period - Shot Misses the Net.
7:28 of 1st period - Puck is out of play.
7:29 of 1st period - Travis Zajac wins face-off versus Nazem Kadri in Maple Leafs zone.
8:01 of 1st period - Wrist shot by Jeff Skinner.
8:01 of 1st period - Deflect By Sergey Kalinin.
8:01 of 1st period - Stopped by Marc-Andre Fleury with a rebound.
8:03 of 1st period - Slapshot by Tyler Johnson.
8:03 of 1st period - Shot Blocked by Stephen Gionta.
8:25 of 1st period - Slapshot by Nikolaj Ehlers.
8:25 of 1st period - Shot Misses the Net.
8:27 of 1st period - Snap shot by Luke Schenn.
8:27 of 1st period - Deflect By Lars Eller.
8:27 of 1st period - Shot Blocked by Jon Merrill.
8:27 of 1st period - Puck is out of play.
8:28 of 1st period - Nazem Kadri wins face-off versus Travis Zajac in Devils zone.
8:39 of 1st period - Conor Sheary is hit by Bobby Ryan and loses puck.
8:53 of 1st period - Dmitry Kulikov is hit by Bobby Ryan.
9:15 of 1st period - Snap shot by T.J. Oshie.
9:15 of 1st period - Stopped by Marc-Andre Fleury with a rebound.
9:17 of 1st period - Slapshot by Dmitry Kulikov.
9:17 of 1st period - Shot Misses the Net.
9:19 of 1st period - Slapshot by Jon Merrill.
9:19 of 1st period - Stopped by Marc-Andre Fleury with a rebound.
9:37 of 1st period - Wrist shot by Conor Sheary.
9:37 of 1st period - Shot Blocked by Mike Hoffman.
10:07 of 1st period - Snap shot by Travis Zajac.
10:07 of 1st period - Stopped by Scott Darling without a rebound.
10:08 of 1st period - Tyler Johnson wins face-off versus Lars Eller in Devils zone.
10:33 of 1st period - Stephen Gionta is hit by Tomas Hertl and loses puck.
10:48 of 1st period - Stephen Gionta is hit by Ben Lovejoy and loses puck.
10:59 of 1st period - Snap shot by Nicklas Jensen.
10:59 of 1st period - Stopped by Scott Darling with a rebound.
11:05 of 1st period - Tom Kostopoulos is hit by Matt Hunwick and loses puck.
11:55 of 1st period - Stephen Gionta is hit by Tyler Johnson and loses puck.
12:53 of 1st period - Luke Schenn is hit by Tomas Hertl and loses puck.
13:12 of 1st period - Lars Eller is hit by Conor Sheary and loses puck.
13:45 of 1st period - Travis Zajac is hit by Nazem Kadri.
13:53 of 1st period - T.J. Oshie is hit by Bobby Ryan and loses puck.
14:18 of 1st period - Wrist shot by Evgeny Svechnikov.
14:18 of 1st period - Shot Misses the Net.
15:07 of 1st period - Snap shot by Andrew Cogliano.
15:07 of 1st period - Deflect By Tomas Hertl.
15:07 of 1st period - Shot Misses the Net.
15:07 of 1st period - Puck is out of play.
15:08 of 1st period - Tomas Hertl wins face-off versus Bobby Ryan in Maple Leafs zone.
15:27 of 1st period - Slapshot by Nazem Kadri.
15:27 of 1st period - Shot Misses the Net.
15:29 of 1st period - Wrist shot by Conor Sheary.
15:29 of 1st period - Shot Hit the Post.
15:38 of 1st period - Minor Penalty to Hampus Lindholm for Holding.
15:39 of 1st period - Nazem Kadri wins face-off versus Travis Zajac in Maple Leafs zone.
15:51 of 1st period - Wrist shot by Conor Sheary.
15:51 of 1st period - Stopped by Marc-Andre Fleury without a rebound.
15:52 of 1st period - Travis Zajac wins face-off versus Tyler Johnson in Maple Leafs zone.
16:39 of 1st period - Icing by Jeff Skinner.
16:40 of 1st period - Travis Zajac wins face-off versus Tyler Johnson in Devils zone.
17:01 of 1st period - Wrist shot by T.J. Oshie.
17:01 of 1st period - Shot Misses the Net.
17:11 of 1st period - Bobby Ryan is hit by Conor Sheary and loses puck.
17:18 of 1st period - Wrist shot by Bobby Ryan.
17:18 of 1st period - Deflect By Shea Weber.
17:18 of 1st period - Shot Blocked by Shea Weber.
17:18 of 1st period - Puck is out of play.
17:19 of 1st period - Travis Zajac wins face-off versus Tyler Johnson in Devils zone.
17:28 of 1st period - Toby Enstrom is hit by Nick Holden and loses puck.
17:38 of 1st period - Penalty to Hampus Lindholm is over, Hampus Lindholm is back on ice.
17:51 of 1st period - Snap shot by Linden Vey.
17:51 of 1st period - Stopped by Marc-Andre Fleury with a rebound.
18:05 of 1st period - Toby Enstrom is hit by Dmitry Kulikov and loses puck.
18:24 of 1st period - Wrist shot by Tyler Johnson.
18:24 of 1st period - Stopped by Marc-Andre Fleury with a rebound.
18:26 of 1st period - Wrist shot by Tyler Johnson.
18:26 of 1st period - Shot Misses the Net.
18:45 of 1st period - Snap shot by Andrew Cogliano.
18:45 of 1st period - Stopped by Marc-Andre Fleury without a rebound.
18:46 of 1st period - Boyd Gordon wins face-off versus Nazem Kadri in Maple Leafs zone.
18:46 of 1st period - Boyd Gordon is hit by Nick Holden.
19:00 of 1st period - Snap shot by Evgeny Svechnikov.
19:00 of 1st period - Stopped by Scott Darling without a rebound.
19:01 of 1st period - Brayden Point wins face-off versus Sergey Kalinin in Devils zone.
Goals for this period are 0 for Maple Leafs vs 0 for Devils.
Shots for this period are 6 for Maple Leafs vs 14 for Devils.

2nd period


0:01 of 2nd period - Travis Zajac wins face-off versus Tyler Johnson in neutral zone.
0:12 of 2nd period - Tyler Johnson is hit by Travis Zajac and loses puck.
0:37 of 2nd period - Slapshot by Nicklas Jensen.
0:37 of 2nd period - Stopped by Scott Darling without a rebound.
0:38 of 2nd period - Bobby Ryan wins face-off versus Tyler Johnson in Devils zone.
1:28 of 2nd period - Wrist shot by Stephen Gionta.
1:28 of 2nd period - Shot Blocked by Dmitry Kulikov.
1:34 of 2nd period - Wrist shot by Nicklas Jensen.
1:34 of 2nd period - Stopped by Scott Darling without a rebound.
1:35 of 2nd period - Travis Zajac wins face-off versus Tyler Johnson in Devils zone.
1:39 of 2nd period - Icing by Jeff Skinner.
1:40 of 2nd period - Travis Zajac wins face-off versus Tyler Johnson in Devils zone.
1:54 of 2nd period - Snap shot by Brayden Point.
1:54 of 2nd period - Shot Misses the Net.
1:56 of 2nd period - Slapshot by Shea Weber.
1:56 of 2nd period - Shot Blocked by Luke Schenn.
2:32 of 2nd period - Slapshot by Tomas Hertl.
2:32 of 2nd period - Stopped by Marc-Andre Fleury with a rebound.
2:48 of 2nd period - Wrist shot by Travis Zajac.
2:48 of 2nd period - Shot Misses the Net.
2:52 of 2nd period - Snap shot by Evgeny Svechnikov.
2:52 of 2nd period - Shot Hit the Post.
3:23 of 2nd period - Icing by Hampus Lindholm.
3:24 of 2nd period - Nazem Kadri wins face-off versus Travis Zajac in Maple Leafs zone.
3:25 of 2nd period - Snap shot by Conor Sheary.
3:25 of 2nd period - Stopped by Marc-Andre Fleury with a rebound.
3:27 of 2nd period - Snap shot by Shea Weber.
3:27 of 2nd period - Stopped by Marc-Andre Fleury with a rebound.
3:29 of 2nd period - Snap shot by T.J. Oshie.
3:29 of 2nd period - Stopped by Marc-Andre Fleury with a rebound.
3:31 of 2nd period - Slapshot by Nick Holden.
3:31 of 2nd period - Stopped by Marc-Andre Fleury with a rebound.
3:33 of 2nd period - Wrist shot by Conor Sheary.
3:33 of 2nd period - Shot Misses the Net.
3:35 of 2nd period - Slapshot by Nick Holden.
3:35 of 2nd period - Goal by Nick Holden - Maple Leafs : 0 - Devils : 1.
3:36 of 2nd period - Tyler Johnson wins face-off versus Travis Zajac in neutral zone.
4:01 of 2nd period - Toby Enstrom is hit by Nazem Kadri and loses puck.
4:12 of 2nd period - Snap shot by Nazem Kadri.
4:12 of 2nd period - Shot Misses the Net.
4:14 of 2nd period - Snap shot by T.J. Oshie.
4:14 of 2nd period - Goal by T.J. Oshie - Maple Leafs : 0 - Devils : 2.
4:15 of 2nd period - Travis Zajac wins face-off versus T.J. Oshie in neutral zone.
4:22 of 2nd period - Wrist shot by Travis Zajac.
4:22 of 2nd period - Shot Misses the Net.
4:24 of 2nd period - Snap shot by Mike Hoffman.
4:24 of 2nd period - Shot Misses the Net.
4:26 of 2nd period - Snap shot by Mike Hoffman.
4:26 of 2nd period - Stopped by Scott Darling without a rebound.
4:27 of 2nd period - Travis Zajac wins face-off versus Tyler Johnson in Devils zone.
4:34 of 2nd period - Snap shot by Travis Zajac.
4:34 of 2nd period - Stopped by Scott Darling with a rebound.
4:36 of 2nd period - Wrist shot by Luke Schenn.
4:36 of 2nd period - Shot Blocked by Jeff Skinner.
4:38 of 2nd period - Snap shot by Travis Zajac.
4:38 of 2nd period - Shot Blocked by Nick Holden.
4:40 of 2nd period - Wrist shot by Mike Hoffman.
4:40 of 2nd period - Shot Blocked by Shea Weber.
4:52 of 2nd period - Slapshot by Nikolaj Ehlers.
4:52 of 2nd period - Shot Misses the Net.
5:02 of 2nd period - Slapshot by Shea Weber.
5:02 of 2nd period - Stopped by Marc-Andre Fleury without a rebound.
5:03 of 2nd period - Tyler Johnson wins face-off versus Travis Zajac in Maple Leafs zone.
5:06 of 2nd period - Snap shot by Brayden Point.
5:06 of 2nd period - Stopped by Marc-Andre Fleury with a rebound.
5:12 of 2nd period - Snap shot by Mike Hoffman.
5:12 of 2nd period - Shot Misses the Net.
5:14 of 2nd period - Wrist shot by Travis Zajac.
5:14 of 2nd period - Stopped by Scott Darling with a rebound.
5:16 of 2nd period - Slapshot by Hampus Lindholm.
5:16 of 2nd period - Shot Blocked by Ben Lovejoy.
5:45 of 2nd period - Lars Eller is hit by T.J. Oshie and loses puck.
6:26 of 2nd period - Off-side.
6:27 of 2nd period - Nazem Kadri wins face-off versus Travis Zajac in neutral zone.
7:02 of 2nd period - Slapshot by Lars Eller.
7:02 of 2nd period - Stopped by Scott Darling with a rebound.
7:16 of 2nd period - Slapshot by Tomas Hertl.
7:16 of 2nd period - Deflect By Tanner Pearson.
7:16 of 2nd period - Stopped by Marc-Andre Fleury with a rebound.
7:35 of 2nd period - Off-side.
7:36 of 2nd period - Travis Zajac wins face-off versus Dominic Moore in neutral zone.
7:43 of 2nd period - Snap shot by Travis Zajac.
7:43 of 2nd period - Stopped by Scott Darling with a rebound.
7:45 of 2nd period - Slapshot by Hampus Lindholm.
7:45 of 2nd period - Stopped by Scott Darling with a rebound.
7:47 of 2nd period - Slapshot by Luke Schenn.
7:47 of 2nd period - Stopped by Scott Darling without a rebound.
7:48 of 2nd period - Bobby Ryan wins face-off versus Nazem Kadri in Devils zone.
7:57 of 2nd period - Snap shot by Bobby Ryan.
7:57 of 2nd period - Shot Blocked by Jon Merrill.
8:25 of 2nd period - Slapshot by Tyler Johnson.
8:25 of 2nd period - Deflect By Jeff Skinner.
8:25 of 2nd period - Stopped by Marc-Andre Fleury with a rebound.
8:35 of 2nd period - Snap shot by Lars Eller.
8:35 of 2nd period - Stopped by Scott Darling with a rebound.
8:37 of 2nd period - Slapshot by Luke Schenn.
8:37 of 2nd period - Deflect By Nicklas Jensen.
8:37 of 2nd period - Shot Blocked by Andrew Cogliano.
8:37 of 2nd period - Puck is out of play.
8:38 of 2nd period - Tomas Hertl wins face-off versus Sergey Kalinin in Devils zone.
8:45 of 2nd period - Slapshot by Nicklas Jensen.
8:45 of 2nd period - Deflect By Stephen Gionta.
8:45 of 2nd period - Stopped by Scott Darling with a rebound.
9:25 of 2nd period - Snap shot by Nazem Kadri.
9:25 of 2nd period - Stopped by Marc-Andre Fleury with a rebound.
10:27 of 2nd period - Wrist shot by T.J. Oshie.
10:27 of 2nd period - Stopped by Marc-Andre Fleury without a rebound.
10:28 of 2nd period - Boyd Gordon wins face-off versus Nazem Kadri in Maple Leafs zone.
10:33 of 2nd period - Snap shot by Travis Zajac.
10:33 of 2nd period - Goal by Travis Zajac - Maple Leafs : 1 - Devils : 2.
10:34 of 2nd period - T.J. Oshie wins face-off versus Mike Hoffman in neutral zone.
10:59 of 2nd period - Luke Schenn is hit by Tyler Johnson and loses puck.
11:17 of 2nd period - Icing by Steven Santini.
11:18 of 2nd period - Sergey Kalinin wins face-off versus Tomas Hertl in Maple Leafs zone.
11:25 of 2nd period - Wrist shot by Sergey Kalinin.
11:25 of 2nd period - Shot Misses the Net.
11:33 of 2nd period - Wrist shot by Nicklas Jensen.
11:33 of 2nd period - Stopped by Scott Darling without a rebound.
11:34 of 2nd period - Travis Zajac wins face-off versus T.J. Oshie in Devils zone.
11:39 of 2nd period - Wrist shot by Travis Zajac.
11:39 of 2nd period - Stopped by Scott Darling with a rebound.
11:41 of 2nd period - Snap shot by Mike Hoffman.
11:41 of 2nd period - Shot Misses the Net.
12:01 of 2nd period - Snap shot by Nicklas Jensen.
12:01 of 2nd period - Shot Misses the Net.
13:26 of 2nd period - Fredrik Claesson is hit by Dmitry Kulikov and loses puck.
15:15 of 2nd period - Wrist shot by Nicklas Jensen.
15:15 of 2nd period - Stopped by Scott Darling without a rebound.
15:16 of 2nd period - Tyler Johnson wins face-off versus Sergey Kalinin in Devils zone.
15:33 of 2nd period - Slapshot by Shea Weber.
15:33 of 2nd period - Shot Misses the Net.
15:39 of 2nd period - Jeff Skinner is hit by Luke Schenn and loses puck.
16:26 of 2nd period - Snap shot by Tanner Pearson.
16:26 of 2nd period - Stopped by Marc-Andre Fleury with a rebound.
16:28 of 2nd period - Slapshot by Matt Hunwick.
16:28 of 2nd period - Shot Blocked by Steven Santini.
16:48 of 2nd period - Icing by Ben Lovejoy.
16:49 of 2nd period - Sergey Kalinin wins face-off versus Dominic Moore in Devils zone.
17:41 of 2nd period - Snap shot by Conor Sheary.
17:41 of 2nd period - Shot Misses the Net.
17:51 of 2nd period - Nick Holden is hit by Nicklas Jensen and loses puck.
18:40 of 2nd period - Jon Merrill is hit by Fredrik Claesson and loses puck.
18:57 of 2nd period - Slapshot by Lars Eller.
18:57 of 2nd period - Stopped by Scott Darling with a rebound.
19:07 of 2nd period - Travis Zajac is hit by Dominic Moore and loses puck.
19:24 of 2nd period - Steven Santini is hit by Andrew Cogliano and loses puck.
19:39 of 2nd period - Sergey Kalinin is hit by Tanner Pearson and loses puck.
19:55 of 2nd period - Conor Sheary is hit by Tom Kostopoulos and loses puck.
Goals for this period are 1 for Maple Leafs vs 2 for Devils.
Shots for this period are 16 for Maple Leafs vs 14 for Devils.

3rd period


0:01 of 3rd period - Tyler Johnson wins face-off versus Travis Zajac in neutral zone.
0:27 of 3rd period - Luke Schenn is hit by Matt Hunwick and loses puck.
0:34 of 3rd period - Backhand shot by Travis Zajac.
0:34 of 3rd period - Shot Misses the Net.
0:36 of 3rd period - Slapshot by Steven Santini.
0:36 of 3rd period - Shot Misses the Net.
0:38 of 3rd period - Snap shot by Travis Zajac.
0:38 of 3rd period - Stopped by Scott Darling without a rebound.
0:39 of 3rd period - Lars Eller wins face-off versus Nazem Kadri in Devils zone.
0:45 of 3rd period - Wrist shot by Tom Kostopoulos.
0:45 of 3rd period - Goal by Tom Kostopoulos - Maple Leafs : 2 - Devils : 2.
0:46 of 3rd period - Travis Zajac wins face-off versus Nazem Kadri in neutral zone.
1:19 of 3rd period - Icing by Dmitry Kulikov.
1:20 of 3rd period - Brayden Point wins face-off versus Travis Zajac in Devils zone.
1:25 of 3rd period - Toby Enstrom is hit by Jeff Skinner and loses puck.
1:40 of 3rd period - Snap shot by Brayden Point.
1:40 of 3rd period - Deflect By Travis Zajac.
1:40 of 3rd period - Stopped by Marc-Andre Fleury with a rebound.
1:42 of 3rd period - Snap shot by Tyler Johnson.
1:42 of 3rd period - Shot Misses the Net.
1:44 of 3rd period - Snap shot by Brayden Point.
1:44 of 3rd period - Shot Hit the Post.
1:46 of 3rd period - Snap shot by Jeff Skinner.
1:46 of 3rd period - Stopped by Marc-Andre Fleury without a rebound.
1:47 of 3rd period - Lars Eller wins face-off versus Conor Sheary in Maple Leafs zone.
2:00 of 3rd period - Wrist shot by Lars Eller.
2:00 of 3rd period - Stopped by Scott Darling without a rebound.
2:01 of 3rd period - Tyler Johnson wins face-off versus Travis Zajac in Devils zone.
2:26 of 3rd period - Brayden Point is hit by Luke Schenn and loses puck.
2:36 of 3rd period - Minor Penalty to Tyler Johnson for Holding.
2:37 of 3rd period - T.J. Oshie wins face-off versus Travis Zajac in Devils zone.
4:36 of 3rd period - Penalty to Tyler Johnson is over, Tyler Johnson is back on ice.
4:49 of 3rd period - Slapshot by Shea Weber.
4:49 of 3rd period - Stopped by Marc-Andre Fleury with a rebound.
4:51 of 3rd period - Snap shot by Jannik Hansen.
4:51 of 3rd period - Shot Blocked by Sergey Kalinin.
4:53 of 3rd period - Slapshot by Nick Holden.
4:53 of 3rd period - Stopped by Marc-Andre Fleury without a rebound.
4:54 of 3rd period - Tyler Johnson wins face-off versus Sergey Kalinin in Maple Leafs zone.
5:13 of 3rd period - Brayden Point is hit by Sergey Kalinin and loses puck.
5:56 of 3rd period - Backhand shot by Nikolaj Ehlers.
5:56 of 3rd period - Shot Misses the Net.
7:37 of 3rd period - Slapshot by Stephen Gionta.
7:37 of 3rd period - Shot Misses the Net.
8:03 of 3rd period - Snap shot by Stephen Gionta.
8:03 of 3rd period - Shot Blocked by T.J. Oshie.
8:58 of 3rd period - Icing by Luke Schenn.
8:59 of 3rd period - Boyd Gordon wins face-off versus Nazem Kadri in Maple Leafs zone.
9:29 of 3rd period - Snap shot by Tom Kostopoulos.
9:29 of 3rd period - Stopped by Scott Darling with a rebound.
9:47 of 3rd period - Backhand shot by Mike Hoffman.
9:47 of 3rd period - Stopped by Scott Darling without a rebound.
9:48 of 3rd period - Tomas Hertl wins face-off versus Bobby Ryan in Devils zone.
10:03 of 3rd period - Snap shot by Travis Zajac.
10:03 of 3rd period - Shot Misses the Net.
10:19 of 3rd period - Snap shot by Mike Hoffman.
10:19 of 3rd period - Stopped by Scott Darling with a rebound.
10:46 of 3rd period - Wrist shot by Tomas Hertl.
10:46 of 3rd period - Stopped by Marc-Andre Fleury without a rebound.
10:47 of 3rd period - Nazem Kadri wins face-off versus Lars Eller in Maple Leafs zone.
10:50 of 3rd period - Snap shot by Conor Sheary.
10:50 of 3rd period - Shot Blocked by Nikolaj Ehlers.
10:56 of 3rd period - Snap shot by Nikolaj Ehlers.
10:56 of 3rd period - Stopped by Scott Darling with a rebound.
10:58 of 3rd period - Snap shot by Tom Kostopoulos.
10:58 of 3rd period - Stopped by Scott Darling with a rebound.
11:12 of 3rd period - Jeff Skinner is hit by Sergey Kalinin and loses puck.
11:17 of 3rd period - Slapshot by Stephen Gionta.
11:17 of 3rd period - Stopped by Scott Darling with a rebound.
11:33 of 3rd period - Wrist shot by Boyd Gordon.
11:33 of 3rd period - Stopped by Scott Darling with a rebound.
11:41 of 3rd period - Slapshot by Dominic Moore.
11:41 of 3rd period - Stopped by Marc-Andre Fleury without a rebound.
11:42 of 3rd period - Nazem Kadri wins face-off versus Nikolaj Ehlers in Maple Leafs zone.
11:51 of 3rd period - Nazem Kadri is hit by Tom Kostopoulos and loses puck.
12:23 of 3rd period - Minor Penalty to Steven Santini for Holding.
12:24 of 3rd period - Travis Zajac wins face-off versus Tyler Johnson in Maple Leafs zone.
13:02 of 3rd period - Snap shot by T.J. Oshie.
13:02 of 3rd period - Stopped by Marc-Andre Fleury with a rebound.
13:11 of 3rd period - Icing by T.J. Oshie.
13:12 of 3rd period - Nazem Kadri wins face-off versus Travis Zajac in Devils zone.
13:23 of 3rd period - Snap shot by T.J. Oshie.
13:23 of 3rd period - Stopped by Marc-Andre Fleury without a rebound.
13:24 of 3rd period - Tyler Johnson wins face-off versus Mike Hoffman in Maple Leafs zone.
13:25 of 3rd period - Slapshot by Jeff Skinner.
13:25 of 3rd period - Shot Misses the Net.
13:49 of 3rd period - Snap shot by Jeff Skinner.
13:49 of 3rd period - Shot Misses the Net.
14:23 of 3rd period - Penalty to Steven Santini is over, Steven Santini is back on ice.
14:41 of 3rd period - Wrist shot by Toby Enstrom.
14:41 of 3rd period - Shot Misses the Net.
14:43 of 3rd period - Slapshot by Will O'Neill.
14:43 of 3rd period - Stopped by Scott Darling without a rebound.
14:44 of 3rd period - Tomas Hertl wins face-off versus Lars Eller in Devils zone.
15:10 of 3rd period - Nazem Kadri is hit by Hampus Lindholm and loses puck.
15:19 of 3rd period - Snap shot by Travis Zajac.
15:19 of 3rd period - Stopped by Scott Darling without a rebound.
15:20 of 3rd period - Tyler Johnson wins face-off versus Travis Zajac in Devils zone.
15:45 of 3rd period - Steven Santini is hit by Andrew Cogliano and loses puck.
16:14 of 3rd period - Snap shot by T.J. Oshie.
16:14 of 3rd period - Deflect By Tom Kostopoulos.
16:14 of 3rd period - Shot Misses the Net.
16:14 of 3rd period - Puck is out of play.
16:15 of 3rd period - Travis Zajac wins face-off versus Tomas Hertl in Maple Leafs zone.
16:28 of 3rd period - Wrist shot by Travis Zajac.
16:28 of 3rd period - Shot Misses the Net.
16:30 of 3rd period - Snap shot by Mike Hoffman.
16:30 of 3rd period - Shot Blocked by Dmitry Kulikov.
16:40 of 3rd period - Conor Sheary is hit by Hampus Lindholm and loses puck.
17:13 of 3rd period - Wrist shot by Tyler Johnson.
17:13 of 3rd period - Stopped by Marc-Andre Fleury with a rebound.
17:55 of 3rd period - Nick Holden is hit by Lars Eller.
18:50 of 3rd period - Jeff Skinner is hit by Michael Mersch and loses puck.
19:15 of 3rd period - Hampus Lindholm is hit by Tanner Pearson and loses puck.
Goals for this period are 1 for Maple Leafs vs 0 for Devils.
Shots for this period are 12 for Maple Leafs vs 9 for Devils.

Overtime #1


0:01 of 1st overtime period - Travis Zajac wins face-off versus Nazem Kadri in neutral zone.
0:06 of 1st overtime period - Snap shot by Mike Hoffman.
0:06 of 1st overtime period - Shot Misses the Net.
0:08 of 1st overtime period - Snap shot by Travis Zajac.
0:08 of 1st overtime period - Shot Misses the Net.
0:10 of 1st overtime period - Wrist shot by Mike Hoffman.
0:10 of 1st overtime period - Stopped by Scott Darling with a rebound.
0:12 of 1st overtime period - Wrist shot by Mike Hoffman.
0:12 of 1st overtime period - Shot Misses the Net.
0:14 of 1st overtime period - Slapshot by Hampus Lindholm.
0:14 of 1st overtime period - Shot Blocked by Nazem Kadri.
0:53 of 1st overtime period - Tyler Johnson is hit by Nikolaj Ehlers and loses puck.
2:31 of 1st overtime period - Slapshot by Sergey Kalinin.
2:31 of 1st overtime period - Shot Misses the Net.
2:46 of 1st overtime period - Icing by Hampus Lindholm.
2:47 of 1st overtime period - Andrew Cogliano wins face-off versus Bobby Ryan in Maple Leafs zone.
3:18 of 1st overtime period - Wrist shot by Nikolaj Ehlers.
3:18 of 1st overtime period - Stopped by Scott Darling without a rebound.
3:19 of 1st overtime period - Travis Zajac wins face-off versus Nazem Kadri in Devils zone.
3:20 of 1st overtime period - Snap shot by Mike Hoffman.
3:20 of 1st overtime period - Shot Misses the Net.
3:22 of 1st overtime period - Slapshot by Luke Schenn.
3:22 of 1st overtime period - Stopped by Scott Darling without a rebound.
3:23 of 1st overtime period - Travis Zajac wins face-off versus Nazem Kadri in Devils zone.
3:36 of 1st overtime period - Wrist shot by Nikolaj Ehlers.
3:36 of 1st overtime period - Shot Blocked by Nick Holden.
4:12 of 1st overtime period - Snap shot by T.J. Oshie.
4:12 of 1st overtime period - Shot Misses the Net.
4:14 of 1st overtime period - Wrist shot by T.J. Oshie.
4:14 of 1st overtime period - Stopped by Marc-Andre Fleury with a rebound.
4:21 of 1st overtime period - Icing by Bobby Ryan.
4:22 of 1st overtime period - Tyler Johnson wins face-off versus Bobby Ryan in Maple Leafs zone.
4:27 of 1st overtime period - Snap shot by Nazem Kadri.
4:27 of 1st overtime period - Stopped by Marc-Andre Fleury without a rebound.
4:28 of 1st overtime period - Travis Zajac wins face-off versus Nazem Kadri in Maple Leafs zone.
Goals for this period are 0 for Maple Leafs vs 0 for Devils.
Shots for this period are 3 for Maple Leafs vs 2 for Devils.

ShootOut


5:00 of 1st overtime period - Penalty Shot by Travis Zajac for Maple Leafs.
5:00 of 1st overtime period - Snap shot by Travis Zajac.
5:00 of 1st overtime period - Stopped by Scott Darling.
5:00 of 1st overtime period - Penalty Shot by T.J. Oshie for Devils.
5:00 of 1st overtime period - Wrist shot by T.J. Oshie.
5:00 of 1st overtime period - Goal by T.J. Oshie.
5:00 of 1st overtime period - Penalty Shot by Mike Hoffman for Maple Leafs.
5:00 of 1st overtime period - Wrist shot by Mike Hoffman.
5:00 of 1st overtime period - Stopped by Scott Darling.
5:00 of 1st overtime period - Penalty Shot by Brayden Point for Devils.
5:00 of 1st overtime period - Wrist shot by Brayden Point.
5:00 of 1st overtime period - Goal by Brayden Point.